 Dungeon Crawl Stone Soup version 0.26-a0-672-g1df16c3386 (webtiles) character file.

Game seed: 15263398498720907475

1651 mandarbmax the Covered (level 9, -1/63 (64) HPs)
             Began as a Formicid Fighter on Oct 19, 2020.
             Was a Believer of Qazlal.
             Killed from afar by Maggie (27 damage)
             ... with a bolt of fire
             ... on level 7 of the Dungeon.
             The game lasted 00:12:51 (4443 turns).

mandarbmax the Covered (Formicid Fighter)           Turns: 4443, Time: 00:12:52

HP:   -1/63 (64)    AC: 14    Str: 22    XL:     9   Next: 19%
MP:   12/12         EV:  6    Int:  8    God:    Qazlal [**....]
Gold: 420           SH: 16    Dex: 12    Spells: 8/8 levels left

rFire    . . .     SeeInvis +   f - +0 broad axe (flame)
rCold    . . .     Faith    .   c - +2 kite shield
rNeg     . . .     Spirit   .   n - +3 chain mail
rPois    .         Reflect  .   (helmet unavailable)
rElec    .         Harm     .   k - +0 cloak
rCorr    +         Rampage  .   (no gloves)
MR       .....                  (no boots)
Stlth    ..........             (no amulet)
HPRegen  0.20/turn              e - ring of resist corrosion
MPRegen  0.13/turn              (no ring)

@: heavily drained
A: permanent stasis, dig shafts and tunnels, four strong arms, antennae 3
a: Dig, Shaft Self, Upheaval, Renounce Religion


You were on level 7 of the Dungeon.
You worshipped Qazlal.
Qazlal was pleased with you.
You visited 1 branch of the dungeon, and saw 7 of its levels.

You collected 420 gold pieces.

Inventory:

Hand Weapons
 a - a +1 war axe
 f - a +0 broad axe of flaming (weapon)
Missiles
 j - 11 poisoned darts (quivered)
 r - 19 bolts
Armour
 c - a +2 kite shield (worn)
 h - a +0 plate armour
 k - a +0 cloak (worn)
 n - a +3 chain mail (worn)
Jewellery
 e - a ring of resist corrosion (left hand)
 s - an uncursed ring of fire
Wands
 i - a wand of iceblast (10)
 o - a wand of enslavement (8)
Scrolls
 b - 2 scrolls of remove curse
 d - a scroll of magic mapping
Potions
 g - 4 potions of curing
 l - a potion of stabbing {unknown}
 m - a potion of ambrosia
 p - 4 potions of heal wounds
 q - 2 potions of resistance
 t - a potion of lignification {unknown}


   Skills:
 - Level 3.2(2.0) Fighting
 - Level 7.0(5.7) Axes
 - Level 7.1(5.8) Armour
 + Level 6.9(5.6) Shields
 - Level 5.0(3.7) Invocations


You had 8 spell levels left.
You didn't know any spells.
Your spell library contained the following spells:

 Spells                   Type           Power        Failure   Level
 Beastly Appendage        Tmut           #.....       100%        1
 Corona                   Hex            #......      100%        1
 Slow                     Hex            #.......     100%        2
 Wereblood                Tmut           #.......     100%        2
 Inner Flame              Hex/Fire       #.......     100%        3
 Portal Projectile        Hex/Tloc       #.....       100%        3
 Spider Form              Tmut/Pois      #.........   100%        3
 Cause Fear               Hex            #.........   100%        4
 Ice Form                 Ice/Tmut       #.......     100%        4
 Leda's Liquefaction      Hex/Erth       #.........   100%        4
 Blade Hands              Tmut           #.........   100%        5


Dungeon Overview and Level Annotations

Branches:
Dungeon (7/15)             Temple (0/1) D:7

Altars:
Ashenzari
Qazlal
Sif Muna
Yredelemnul

Shops:
D:4 =

Portals:
Abyss: D:3

Annotations:
D:3 2 transporters, meepyknight's ghost, amateur GrFi
D:5 2 transporters, grandjackal's ghost, novice DsGl
D:7 Maggie


Innate Abilities, Weirdness & Mutations

You cannot be hasted, slowed, berserked, paralysed or teleported.
You can dig through walls and to a lower floor.
Your four strong arms can wield two-handed weapons with a shield.
You have a pair of large antennae on your head. (SInv)


Message History

You feel drained.
You closely miss Maggie.
Maggie is heavily wounded.
You block Maggie's attack.
You closely miss Maggie.
Maggie is heavily wounded.
Maggie hits you with a +0 glaive of draining.
You feel drained.
You barely miss Maggie.
Maggie is heavily wounded.
You block Maggie's attack.
You slash Maggie! You burn Maggie.
Maggie is severely wounded.
Maggie hits you with a +0 glaive of draining.
You feel drained.
Your shield prevents you from hitting Maggie.
Maggie is severely wounded.
Maggie gestures at you while chanting. The bolt of fire hits you!!
You die...

.######..#
........$# #
.........# ..
#####.<.#
...###...#...##.#
................#
##...##.........#
##...##†°..>....#
......@@##...#.##
...>....##...#.#
........##...#.#
##...##.##.###
##.$.##.# .#
..... ... ###.
### ..


You could see Maggie.

Vanquished Creatures
  Sigmund (D:3)
  3 phantoms
  A necrophage (D:6)
  2 ogres (D:5)
  A bullfrog (D:6)
  A scorpion (D:4)
  A howler monkey (D:4)
  A centaur zombie (D:5)
  A bullfrog zombie (D:5)
  An orc priest (D:6)
  2 orc wizards
  A bullfrog skeleton (D:6)
  A gnoll shaman (D:5)
  5 hounds
  6 worker ants
  A killer bee zombie (D:7)
  A worker ant zombie (D:6)
  9 gnolls (D:5)
  7 adders
  A shadow imp (D:6)
  2 oozes
  2 worms (D:2)
  8 leopard geckos
  15 orcs
  19 giant cockroaches
  6 hobgoblins
  7 jackals
  2 quokkas
  A ball python (D:2)
  8 bats
  8 frilled lizards
  8 goblins
  A jackal skeleton (D:4)
  3 kobolds
  A quokka skeleton (D:6)
  A quokka zombie (D:6)
  8 rats
147 creatures vanquished.

Notes
Turn   | Place    | Note
-------+----------+-------------------------------------------
     0 | D:1      | mandarbmax the Formicid Fighter began the quest for the
                  | Orb.
     0 | D:1      | Reached XP level 1. HP: 18/18 MP: 1/1
   221 | D:1      | Reached XP level 2. HP: 24/24 MP: 2/2
   551 | D:2      | Reached XP level 3. HP: 27/29 MP: 3/3
   842 | D:2      | Reached XP level 4. HP: 35/35 MP: 4/4
   937 | D:2      | Noticed a phantom
   976 | D:2      | Killed a phantom
   976 | D:2      | Reached skill level 5 in Axes
   976 | D:2      | Reached XP level 5. HP: 30/41 MP: 5/5
  1153 | D:3      | Reached XP level 6. HP: 43/47 MP: 6/6
  1157 | D:3      | Found a shimmering blue altar of Sif Muna.
  1157 | D:3      | Found a stormy altar of Qazlal.
  1161 | D:3      | Became a worshipper of Qazlal Stormbringer
  1410 | D:3      | Noticed Sigmund
  1421 | D:3      | Killed Sigmund
  1421 | D:3      | Reached XP level 7. HP: 36/52 MP: 7/7
  1574 | D:3      | Reached * piety under Qazlal
  1876 | D:3      | Found a transporter.
  1879 | D:3      | Found a transporter.
  1964 | D:3      | Noticed a toenail golem
  1976 | D:3      | Found the +8 demon trident "Rift" {distort, reach+}
  1976 | D:3      | Found a one-way gate to the infinite horrors of the Abyss.
  1976 | D:3      | Noticed meepyknight's ghost (amateur GrFi)
  2357 | D:4      | Reached skill level 5 in Armour
  2410 | D:4      | Found a broken altar of Ashenzari.
  2578 | D:4      | Found Ejat's Jewellery Boutique.
  2875 | D:5      | Entered Level 5 of the Dungeon
  2941 | D:5      | Reached XP level 8. HP: 57/58 MP: 8/8
  2998 | D:5      | Reached skill level 1 in Invocations
  3135 | D:5      | Reached ** piety under Qazlal
  3313 | D:5      | Found a transporter.
  3315 | D:5      | Found a transporter.
  3316 | D:5      | Identified the +8 great mace of the Crawling Thing {spect,
                  | SInv}
  3317 | D:5      | Identified the +8 great mace of the Crawling Thing {spect,
                  | SInv}
  3555 | D:5      | Noticed grandjackal's ghost (novice DsGl)
  3698 | D:6      | Reached skill level 5 in Invocations
  3743 | D:6      | Reached skill level 5 in Shields
  3743 | D:6      | Reached XP level 9. HP: 60/63 MP: 12/12
  3830 | D:6      | Found a basalt altar of Yredelemnul.
  4421 | D:7      | Noticed Maggie
  4423 | D:7      | Found a staircase to the Ecumenical Temple.
  4443 | D:7      | Killed from afar by Maggie

Illustrated notes

Levels and vault maps discovered:
D:1:      minmay_arrival_nine_rooms, layout_rooms
D:2:      minmay_roachtagon, layout_basic
D:3:      layout_basic, gammafunk_temple_overflow_wave,
          gammafunk_ghost_abyssal_escape, uniq_sigmund
D:4:      layout_cave_pools, lemuel_round_altar, serial_shops,
          nicolae_shop_stone
D:5:      layout_cave_pools, serial_column_ruins, column_ruins_columns_straight,
          column_ruins_grid_3, column_ruins_open_tiny, column_ruins_grid_1,
          column_ruins_corridor_corner, column_ruins_open_tiny,
          column_ruins_corridor_dead_end, gammafunk_ghost_smash,
          hangedman_decor_clover_reticule
D:6:      layout_loops_ring, overflow_temple_1_default
D:7:      layout_loops_ring, lemuel_crystal_altar,
          minmay_temple_entry_stoned_glass, gammafunk_ghost_split, uniq_maggie

Skill      XL: |  1  2  3  4  5  6  7  8  9 |
---------------+----------------------------+-----
Shields        | 4 5 6 |  6.9
Axes           | 3 5 6 7 |  7.0
Armour         | 5 7 |  7.1
Invocations    | 5 |  5.0
Fighting       | |  3.2

Action                   |  1- 3 |  4- 6 |  7- 9 || total
-------------------------+-------+-------+-------++-------
Melee: War axe           |   110 |   129 |   207 ||   446
       Broad axe         |       |       |   138 ||   138
Throw: Dart              |       |     2 |     8 ||    10
 Abil: Dig               |       |       |     1 ||     1
  Use: Potion            |       |     2 |       ||     2
       Scroll            |       |       |    16 ||    16
Armor: Scale mail        |    22 |       |       ||    22
       Plate armour      |    55 |    62 |   102 ||   219
       Chain mail        |       |       |    44 ||    44
Dodge: Dodged            |    29 |    21 |    64 ||   114
Block: Kite shield       |    67 |    73 |   243 ||   383

Table legend: (Time is in decaauts)
 A = Elapsed time spent in this place.
 B = Non-inter-level travel time spent in this place.
 C = Inter-level travel time spent in this place.
 D = Time resting spent in this place.
 E = Time spent auto-exploring this place.
 F = Levels seen in this place.
 G = Mean time per level.
                   A        B        C        D        E       F      G
               +--------+--------+--------+--------+--------+-----+--------+
         Total |   4614 |   4392 |    222 |    121 |   2942 |   7 |  659.1 |
       Dungeon |   4614 |   4392 |    222 |    121 |   2942 |   7 |  659.1 |
               +--------+--------+--------+--------+--------+-----+--------+

Top non-repeatable levels by time:
     D:3: 1126 daAuts
     D:6: 825 daAuts
     D:5: 771 daAuts
     D:4: 699 daAuts
     D:2: 599 daAuts
     D:1: 564 daAuts
     D:7: 27 daAuts
